 Dungeon Crawl Stone Soup version 0.32-a0-768-g0f6f1dd4b9 (webtiles) character file.

Game seed: 15182340764371313242

5497 ezpacito the Trooper (level 10, -1/115 (118) HPs)
             Began as a Coglin Chaos Knight on Mar 18, 2024.
             Was a Plaything of Xom.
             Succumbed to a killer bee's poison
             ... on level 8 of the Dungeon.
             The game lasted 00:11:07 (6942 turns).

ezpacito the Trooper (Coglin Chaos Knight)          Turns: 6942, Time: 00:11:07

HP:   -1/115 (118)  AC: 25    Str: 16    XL:     10   Next: 70%
MP:   13/15         EV:  2    Int: 15    God:    Xom [......]
Gold: 769           SH:  0    Dex: 13    Spells: 2/15 levels left

rFire   . . .        a - +0 hand axe (chaos) {Gunther}
rCold   . . .        g - +1 dagger (venom) {Saranna}
rNeg    . . .        G - melded +0 steam dragon scales
rPois   +            v - melded +2 helmet
rElec   .            (cloak currently unavailable)
rCorr   .            (gloves currently unavailable)
SInv    .            z - melded +1 pair of boots
Will    .....        (no amulet)
Stlth   ++++         (no ring)
HPRegen 1.19/turn    (no ring)
MPRegen 0.14/turn    (no gizmo)

%: no passive effects
@: lethally poisoned (-1 -> -8), tree-form, especially stealthy, very slightly
contaminated, lightly drained, revving
A: stationary, stasis, torment immunity, boosted hp, off-hand wielding, slow
wielding, warmup strikes, (no jewellery), clever 1, (fire resistance 1),
regeneration 1, (sturdy frame 1)
a: Invent Gizmo, Renounce Religion


You were on level 8 of the Dungeon.
You worshipped Xom.
You were a very special plaything of Xom.
You were a tree.
You visited 1 branch of the dungeon, and saw 9 of its levels.

You collected 847 gold pieces.
You spent 78 gold pieces at shops.

Inventory:

Hand Weapons
 a - a +0 hand axe of chaos (weapon) {Gunther}
 b - a +5 hand axe of freezing
 g - a +1 dagger of venom (offhand) {Saranna}
 l - a +5 war axe
 t - a +2 heavy broad axe
Missiles
 e - 2 datura-tipped darts
 m - 18 poisoned darts (quivered)
Armour
 v - a +2 helmet (melded)
 z - a +1 pair of boots (melded)
 G - +0 steam dragon scales (melded)
Magical Staves
 c - a staff of air
 y - a staff of fire
Jewellery
 B - an amulet of the acrobat
Wands
 d - a wand of mindburst (14)
 r - a wand of charming (8)
 u - a wand of flame (51)
 x - a wand of warping (6)
 C - a wand of polymorph (10)
 D - a wand of light (6)
Scrolls
 f - a scroll of fear {unknown}
 h - a scroll of immolation {unknown}
 j - 2 scrolls of vulnerability
 k - a scroll of amnesia
 p - a scroll of fog {unknown}
 q - a scroll of enchant weapon {unknown}
 A - 2 scrolls of noise
Potions
 n - a potion of magic
 o - 2 potions of enlightenment
 s - a potion of lignification
 E - 3 potions of brilliance


   Skills:
 * Level 7.0 Fighting
 * Level 6.9(7.5) Axes
 + Level 3.9(5.7) Polearms
 * Level 6.0 Armour
 * Level 5.8 Dodging
 + Level 4.0 Stealth
 + Level 3.4 Spellcasting
 + Level 2.2 Alchemy
 + Level 5.1 Evocations


You had 2 spell levels left.
You knew the following spells:

 Your Spells              Type           Power      Damage    Failure   Level
a - Fulminant Prism       Conj/Alch      2%         3d5       77%         4
b - Fugue of the Fallen   Necr           2%         N/A       50%         3
c - Ensorcelled Hibernat  Hex/Ice        4%         N/A       28%         2
d - Anguish               Hex/Necr       1%         N/A       88%         4

Your spell library contained the following spells:

 Spells                   Type           Power      Damage    Failure   Level
 Sting                    Conj/Alch      20%        1d4       12%         1
 Magic Dart               Conj           8%         1d3       19%         1
 Mercury Vapours          Alch/Air       10%        N/A       19%         2
 Searing Ray              Conj           4%         2d4       28%         2
 Call Canine Familiar     Summ           2%         N/A       50%         3
 Passwall                 Erth           2%         N/A       50%         3
 Sigil of Binding         Hex            2%         N/A       50%         3
 Volatile Blastmotes      Fire/Tloc      4%         2d10      50%         3
 Olgreb's Toxic Radiance  Alch           9%         N/A       61%         4
 Dimensional Bullseye     Hex/Tloc       1%         N/A       88%         4
 Bombard                  Conj/Erth      1%         9d1       100%        6


Dungeon Overview and Level Annotations

Branches:
Dungeon (9/15)             Temple (0/1) D:7
   Lair: D:8-11         Orc: D:9-12

Altars:
Elyvilon
Gozag
Kikubaaqudgha
Makhleb
Ru
Uskayaw
Yredelemnul
The Shining One

Shops:
D:4 *   D:6 :

Annotations:
D:8 1 runed translucent door


Innate Abilities, Weirdness & Mutations

You are a tree.
Your roots penetrate the ground, keeping you stationary.
You cannot be teleported.
You are immune to unholy pain and torment.
Your maximum health is greatly increased.
Your equipment is partially melded.
You can wield a second weapon in your off-hand.
It takes a long time for you to wield or remove held weapons.
Your first few attacks do less damage.
((You cannot equip rings or amulets.))
Your mind is acute. (Int +4, Str/Dex -1)
((Your flesh is heat resistant. (rF+)))
Your natural rate of healing is unusually fast.
((Your movements are slightly less encumbered by armour. (ER -2)))


Message History

The killer bee stings you!
* * * LOW HITPOINT WARNING * * *
You are lethally poisoned!
The killer bee poisons you! The killer bee closely misses you.
The killer bee stings you.
* * * LOW HITPOINT WARNING * * *
The killer bee barely misses you.
You take 13 damage, and have 11/77 hp.
You now have 13/15 mp.
Okay, then.
You turn into a tree.
Your +2 helmet melds into your body.
Your +1 pair of boots melds into your body.
Your +0 steam dragon scales melds into your body.
Your roots penetrate the ground.
* * * LOW HITPOINT WARNING * * *
You feel very sick.
The killer bee stings you but does no damage. x6
The killer bee barely misses you.
You now have 12/115 hp.
Okay, then.
This is a scroll of acquirement!
Something appears at your feet!
* * * LOW HITPOINT WARNING * * *
You feel very sick.
The killer bee stings you but does no damage. x3
The killer bee barely misses you.
The killer bee stings you but does no damage.
The killer bee stings you!
* * * LOW HITPOINT WARNING * * *
Xom roars with laughter!
The killer bee stings you but does no damage.
You take 11 damage, and have 1/115 hp.
You closely miss the killer bee with your +1 dagger of venom.
The killer bee is moderately wounded.
You barely miss the killer bee with your +0 hand axe of chaos.
You hit the killer bee but do no damage.
The killer bee suddenly seems more resistant.
You hit the killer bee with your +0 hand axe of chaos.
The killer bee is poisoned.
You die...
Xom chuckles heartily!

)#####.#######...........>#......
.....)...........................
####......................#......
#####..#.###....<................
..........................#.###.#
.#########.#..............#.# #..
.## #.#..........)...#.# ##. ..##
#.##............##.###..
...#######..#..y♣.......##.......
................yy......)........
...#####....#####..#####.).......
#### ##..##...####...........)...
#..#####.##.....#....#.#####
###.## #.##.#+#.[...##.# ##...#
#.)#.#3#.###....#####
#..########..>.###.# #..#))....
##.#.....)....#.....###..#######


You could see 3 killer bees.

Vanquished Creatures
  A black mamba (D:8)
  Grinder (D:3)
  Sigmund (D:2)
  2 water moccasins
  An acid dragon (D:8)
  An orc warrior (D:6)
  A black bear (D:5)
  4 ice beasts
  A hornet zombie (D:7)
  3 sky beasts
  An ogre (D:5)
  A phantom (D:6)
  A kobold brigand (D:8)
  2 bullfrogs
  4 scorpions
  2 weeping skulls (D:7)
  A wyvern zombie (D:7)
  A gnoll sergeant (D:8)
  12 wights
  2 killer bees (D:9)
  A howler monkey (D:5)
  2 centaur zombies (D:7)
  3 orc priests
  2 jellies
  2 bombardier beetles
  4 hounds
  A human zombie (D:7)
  2 gnoll boudas
  A sleepcap (D:5)
  3 iguanas
  4 orc wizards
  A killer bee zombie (D:7)
  2 howler monkey zombies (D:7)
  14 gnolls
  4 adders
  A shadow imp (D:5)
  A white imp (D:8)
  3 ufetubi
  6 dart slugs
  4 ribbon worms
  19 orcs
  14 ball pythons
  10 bats
  15 endoplasms
  3 giant cockroaches
  4 goblins
  7 hobgoblins
  6 jackals
  4 quokkas
  3 frilled lizards (D:3)
  15 kobolds
  4 rats
208 creatures vanquished.

Vanquished Creatures (collateral kills)
  A steam dragon (D:7)
  A black bear (D:5)
  2 ogres (D:5)
  2 phantoms (D:5)
  3 wights (D:7)
  3 hounds
  A bombardier beetle (D:5)
  3 iguanas (D:5)
  A gnoll (D:7)
  2 adders (D:5)
  3 orcs
22 creatures vanquished.

Vanquished Creatures (others)
  A water moccasin (D:8)
  A kobold brigand (D:8)
  2 kobolds (D:8)
4 creatures vanquished.

Grand Total: 234 creatures vanquished

Notes
Turn   | Place    | Note
-------+----------+-------------------------------------------
     0 | D:1      | ezpacito the Coglin Chaos Knight began the quest for the
                  | Orb.
     0 | D:1      | Reached XP level 1. HP: 18/18 MP: 1/1
    89 | D:1      | Reached skill level 1 in Dodging
   127 | D:1      | Reached XP level 2. HP: 24/24 MP: 2/2
   351 | D:1      | XOM: silly message
   352 | D:1      | Reached XP level 3. HP: 29/29 MP: 3/3
   743 | D:2      | Noticed Sigmund
   754 | D:2      | Killed Sigmund
   755 | D:2      | Reached skill level 1 in Polearms
   755 | D:2      | Reached skill level 1 in Stealth
   755 | D:2      | Reached skill level 1 in Spellcasting
   755 | D:2      | Reached XP level 4. HP: 37/37 MP: 3/5
   755 | D:2      | Reached XP level 5. HP: 42/42 MP: 3/6
   932 | D:2      | Found a faded altar of an unknown god.
  1044 | D:2      | XOM: cloud trail
  1088 | D:2      | XOM: noise
  1141 | D:2      | Reached XP level 6. HP: 47/48 MP: 7/7
  1470 | D:3      | Identified the +5 sling of the Kidney {heavy, Dex+4}
  1781 | D:3      | XOM: noise
  1917 | D:3      | Reached skill level 4 in Fighting
  1947 | D:3      | Noticed Grinder
  1958 | D:3      | XOM: swap monsters
  1963 | D:3      | Killed Grinder
  1964 | D:3      | Reached skill level 1 in Evocations
  1964 | D:3      | Reached XP level 7. HP: 49/54 MP: 7/9
  2254 | D:4      | Found Iloun's Assorted Antiques.
  2260 | D:4      | Bought a sedimented pink potion for 25 gold pieces
  2260 | D:4      | Bought a yellow potion for 25 gold pieces
  2260 | D:4      | Bought a scroll labelled CIMIXA SUETAEG for 28 gold pieces
  2328 | D:4      | Found an opulent altar of Gozag.
  2475 | D:4      | Found a white marble altar of Elyvilon.
  2875 | D:5      | Entered Level 5 of the Dungeon
  3201 | D:5      | XOM: polymorph iguana -> orc
  3597 | D:5      | XOM: summons friendly quasit
  3613 | D:5      | Reached XP level 8. HP: 61/61 MP: 10/10
  3682 | D:5      | XOM: stat loss: -1 Dex (13/14)
  4058 | D:5      | Reached skill level 5 in Fighting
  4058 | D:5      | Reached skill level 5 in Axes
  4230 | D:5      | Reached XP level 9. HP: 68/68 MP: 12/12
  5032 | D:6      | Found Otilyph's Tiny Tomes.
  5049 | D:6      | Learned a level 4 spell: Fulminant Prism
  5053 | D:6      | Learned a level 3 spell: Fugue of the Fallen
  5056 | D:6      | Learned a level 2 spell: Ensorcelled Hibernation
  5061 | D:6      | Learned a level 4 spell: Anguish
  5169 | D:6      | Found a glowing golden altar of the Shining One.
  5169 | D:6      | Found a hide-covered altar of Uskayaw.
  5170 | D:6      | Found a sacrificial altar of Ru.
  5174 | D:6      | Found an ancient bone altar of Kikubaaqudgha.
  5191 | D:7      | XOM: summons 6 friendly demons
  5197 | D:7      | Reached skill level 6 in Fighting
  5235 | D:7      | Found a staircase to the Ecumenical Temple.
  5246 | D:7      | Reached skill level 5 in Armour
  5249 | D:7      | XOM: give mutations
  5249 | D:7      | Gained mutation: Your movements are slightly less
                  | encumbered by armour. (ER -2) [Xom's grace]
  5249 | D:7      | Gained mutation: Your mind is acute. (Int +4, Str/Dex -1)
                  | [Xom's grace]
  5249 | D:7      | Gained mutation: Your flesh is heat resistant. (rF+) [Xom's
                  | grace]
  5249 | D:7      | Gained mutation: Your natural rate of healing is unusually
                  | fast. [Xom's grace]
  5276 | D:7      | Reached skill level 5 in Dodging
  5426 | D:7      | Reached skill level 1 in Alchemy
  5503 | D:7      | Found a burning altar of Makhleb.
  5518 | D:7      | XOM: god gift: staff of fire
  5598 | D:7      | Reached XP level 10. HP: 77/77 MP: 14/14
  5687 | D:7      | XOM: summons friendly shadow imp
  5699 | D:7      | XOM: smoke on damage
  5706 | D:7      | XOM: confuse monster(s)
  5816 | D:7      | XOM: chaos cloud
  5868 | D:7      | XOM: 1-stop teleportation journey
  6064 | D:7      | Found a basalt altar of Yredelemnul.
  6276 | D:8      | XOM: divine lightning
  6320 | D:8      | Found a runed translucent door.
  6323 | D:8      | Noticed a sixfirhy
  6392 | D:8      | XOM: chaos upgrade
  6427 | D:8      | XOM: summons 4 hostile demons
  6467 | D:8      | Noticed Maggie
  6468 | D:8      | Maggie changed into Maggie the black mamba
  6468 | D:8      | Noticed Maggie
  6468 | D:8      | XOM: polymorph Maggie -> Maggie the black mamba
  6476 | D:8      | Killed Maggie the black mamba
  6477 | D:8      | Reached skill level 5 in Evocations
  6513 | D:8      | XOM: chaos cloud
  6928 | D:9      | XOM: stealth player
  6935 | D:9      | Reached skill level 7 in Fighting
  6935 | D:9      | XOM: summons 3 hostile shadow creatures
  6941 | D:8      | Identified a scroll of acquirement
  6941 | D:8      | Acquired the +11 hand cannon of World Downfall {antimagic,
                  | Will- Str+5 Int+2}
  6941 | D:8      | HP: 1/115 [killer bee (7)]
  6942 | D:8      | Succumbed to a killer bee's poison

Illustrated notes

Levels and vault maps discovered:
D:1:      dpeg_arrival_shelter, layout_basic, st_stairs_9
D:2:      layout_loops_ring, chequers_ecumenical_altar_simple_redux,
          uniq_sigmund
D:3:      layout_basic, minmay_misc_feat_columns, minmay_close_crescents,
          uniq_grinder
D:4:      layout_loops_ring, mainiacjoe_overflow_alcove_1,
          mainiacjoe_overflow_chevrons, serial_shops, nicolae_stop_n_shop_1,
          kennysheep_big_empty_room
D:5:      minmay_polygon_palace, layout_layer_cave,
          chequers_serial_rivers_micro_b, minmay_tree_intersection,
          serial_park_tiny_1
D:6:      layout_gridville, minitemple, nicolae_shop_i_like_small_books_too,
          serial_bayou_pond_d
D:7:      layout_loops_ring, bloody_makhleb, lemuel_mausoleum_altar_yredelemnul,
          minmay_temple_entry_statues_fountains
D:8:      cheibrodos_shockbox, layout_rooms, uniq_maggie
D:9:      layout_basic, grunt_temple_overflow_open, lair_entry_dummy,
          nicolae_clarity_for_sale

Skill      XL: |  1  2  3  4  5  6  7  8  9 10 |
---------------+-------------------------------+-----
Dodging        | 1 2 3 4 5 |  5.8
Armour         | 2 3 4 5 6 |  6.0
Polearms       | 1 2 3 |  3.9
Stealth        | 1 2 3 4 |  4.0
Spellcasting   | 1 2 3 |  3.4
Fighting       | 4 5 6 7 |  7.0
Axes           | 4 5 6 |  6.9
Evocations     | 1 2 3 4 5 |  5.1
Alchemy        | 1 2 |  2.2

Action                     |  1- 3 |  4- 6 |  7- 9 | 10-12 || total
---------------------------+-------+-------+-------+-------++-------
  Melee: Hand axe          |    57 |    73 |   222 |   198 ||   550
         Dagger            |    50 |    77 |   211 |   183 ||   521
         Unarmed           |       |       |       |     5 ||     5
  Evoke: Wand              |       |       |     1 |     9 ||    10
    Use: Scroll            |       |       |    10 |    10 ||    20
         Potion            |       |       |     4 |     7 ||    11
   Stab: Sleeping          |       |     2 |     8 |     8 ||    18
         Confused          |       |     4 |     5 |     7 ||    16
         Petrifying        |       |       |     2 |       ||     2
         Distracted        |       |       |     2 |       ||     2
         Paralysed         |       |       |       |     4 ||     4
 Armour: Leather armour    |    34 |    38 |    42 |       ||   114
         Chain mail        |       |       |   109 |       ||   109
         Skin              |       |       |    64 |    12 ||    76
         Steam dragon scal |       |       |     5 |   172 ||   177
  Dodge: Dodged            |    27 |    39 |   128 |   181 ||   375

Table legend: (Time is in decaauts)
 A = Elapsed time spent in this place.
 B = Non-inter-level travel time spent in this place.
 C = Inter-level travel time spent in this place.
 D = Time resting spent in this place.
 E = Time spent auto-exploring this place.
 F = Levels seen in this place.
 G = Mean time per level.
                   A        B        C        D        E       F      G
               +--------+--------+--------+--------+--------+-----+--------+
         Total |   6913 |   6657 |    256 |    109 |   5170 |   9 |  768.1 |
       Dungeon |   6913 |   6657 |    256 |    109 |   5170 |   9 |  768.1 |
               +--------+--------+--------+--------+--------+-----+--------+

Top non-repeatable levels by time:
     D:5: 1517 daAuts
     D:7: 1082 daAuts
     D:4: 771 daAuts
     D:6: 746 daAuts
     D:2: 736 daAuts
     D:3: 730 daAuts
     D:1: 681 daAuts
     D:8: 638 daAuts
     D:9: 8 daAuts
